 Dungeon Crawl Stone Soup version 0.28-a0-726-g4a9143789a (webtiles) character file.

Game seed: 8454666971985592983

5 ytrimaz the Conjurer (level 1, -1/11 HPs)
             Began as an Octopode Conjurer on Oct 27, 2021.
             Slain by a kobold (2 damage)
             ... on level 1 of the Dungeon.
             The game lasted 00:00:11 (20 turns).

ytrimaz the Conjurer (Octopode Conjurer)              Turns: 20, Time: 00:00:11

Health: -1/11      AC:  1    Str:  6    XL:     1   Next: 80%
Magic:  1/3        EV: 13    Int: 20    God:
Gold:   0          SH:  0    Dex: 10    Spells: 3/4 levels left

rFire   . . .      SeeInvis .   (no weapon)
rCold   . . .      Faith    .   (no shield)
rNeg    . . .      Spirit   .   (helmet restricted)
rPois   .          Reflect  .   (no amulet)
rElec   .          Harm     .   (no ring)
rCorr   .          Rampage  .   (no ring)
Will    .....                   (no ring)
Stlth   +++.......              (no ring)
HPRegen 0.03/turn               (no ring)
MPRegen 0.08/turn               (no ring)
                                (no ring)
                                (no ring)

@: no status effects
A: almost no armour, amphibious, 8 rings, camouflage 1, gelatinous body 1,
(nimble swimmer 1), tentacles
a: no special abilities


You were on level 1 of the Dungeon.
You visited 1 branch of the dungeon, and saw 1 of its levels.

You aren't carrying anything.


   Skills:
 - Level 2.0 Dodging
 - Level 2.6 Stealth
 + Level 2.0 Spellcasting
 + Level 4.2 Conjurations


You had 3 spell levels left.
You knew the following spells:

 Your Spells              Type           Power      Damage    Failure   Level
a - Magic Dart            Conj           76%        1d6       2%          1

Your spell library contained the following spells:

 Spells                   Type           Power      Damage    Failure   Level
 Searing Ray              Conj           38%        2d5       4%          2
 Dazzling Flash           Conj/Hex       20%        N/A       21%         3
 Fulminant Prism          Conj/Hex       5%         3d7       54%         4
 Iskenderun's Mystic Bla  Conj/Tloc      10%        2d4       54%         4


Dungeon Overview and Level Annotations

Branches:
Dungeon (1/15)

Altars:


Innate Abilities, Weirdness & Mutations

You cannot wear most types of armour.
You are amphibious.
You can wear up to eight rings at the same time.
Your skin changes colour to match your surroundings (Stealth+).
Your rubbery body absorbs attacks. (AC +1, EV +1)
((You are camouflaged near water. (Stealth+)))
You have tentacles for arms and can constrict up to eight enemies at once.


Message History

You are too depleted to draw on your mana recklessly!
You are too depleted to draw on your mana recklessly!
You are too depleted to draw on your mana recklessly!
A dart slug is nearby!
The dart slug launches a dart at you. The slug dart hits you.
A jackal comes into view.
The dart slug closely misses you.
You tentacle-slap the dart slug but do no damage.
You grab the dart slug. You squeeze the dart slug.
The dart slug is almost dead.
You constrict the dart slug. The dart slug launches a dart at you.
The slug dart hits you.
You tentacle-slap the dart slug but do no damage.
The dart slug is almost dead.
You constrict the dart slug.
You kill the dart slug!
You see here a dart slug corpse.
You are too injured to fight recklessly!
You are too injured to fight recklessly!
A kobold comes into view. It is wielding a +0 club.
The kobold shouts!
The jackal barks!
You are too injured to fight recklessly!
You tentacle-slap the jackal but do no damage.
You grab the jackal. You constrict the jackal. The jackal bites you.
* * * LOW HITPOINT WARNING * * *
The jackal barely misses you.
You tentacle-slap the jackal but do no damage.
You squeeze the jackal.
You kill the jackal!
The kobold hits you with a +0 club.
* * * LOW HITPOINT WARNING * * *
You tentacle-slap the kobold but do no damage.
Your grab misses the kobold. The kobold closely misses you.
You tentacle-slap the kobold but do no damage.
Your grab misses the kobold. The kobold completely misses you.
You barely miss the kobold. Your grab misses the kobold.
The kobold hits you with a +0 club.
You die...

.### ...##
...###....#
......#...##
#.....#...#
#....#...#
##....#...#
###.....#K..#
..#######....†.#@..#
.....<......###....#
##.......###......##
..#######.......###
. ....##### #####


You could see a kobold.

Vanquished Creatures
  A dart slug (D:1)
  2 jackals (D:1)
3 creatures vanquished.

Notes
Turn   | Place    | Note
-------+----------+-------------------------------------------
     0 | D:1      | ytrimaz the Octopode Conjurer began the quest for the Orb.
     0 | D:1      | Reached XP level 1. HP: 11/11 MP: 3/3
    20 | D:1      | Slain by a kobold

Illustrated notes

Levels and vault maps discovered:
D:1:      dpeg_arrival_oval, layout_loops_ring,
          hellmonk_ecumenical_altar_pennies_from_heaven, minmay_bisected

Action                   || total
-------------------------++-------
Melee: Unarmed           ||     7
       Constrict         ||     2
       Tentacles         ||     2
 Cast: Magic Dart        ||     3
Dodge: Dodged            ||     4

Table legend: (Time is in decaauts)
 A = Elapsed time spent in this place.
 B = Non-inter-level travel time spent in this place.
 C = Inter-level travel time spent in this place.
 D = Time resting spent in this place.
 E = Time spent auto-exploring this place.
 F = Levels seen in this place.
 G = Mean time per level.
                   A        B        C        D        E       F      G
               +--------+--------+--------+--------+--------+-----+--------+
         Total |     20 |     20 |      0 |      0 |      2 |   1 |   20.0 |
       Dungeon |     20 |     20 |      0 |      0 |      2 |   1 |   20.0 |
               +--------+--------+--------+--------+--------+-----+--------+

Top non-repeatable levels by time:
     D:1: 20 daAuts
